AoeStats
← Michi3052

Arena

509004124Analyzed
1v1 RM · 7d ago on Sep 25, 2026· 31m 25s· 2 players
Game mode
Random Map
Map size
Tiny (2 player)
Population
200
Speed
Normal
Resources
Standard
Victory
Conquest
Starting age
Dark Age
Ending age
Imperial Age
RankedLock teamsTeams togetherTeam positionsShared explorationLock speedFull tech treeHidden civsTurbo modeCheats
Victory
Defeat
🇪🇸 Turks · Spain
711
+14
🇦🇷 Sicilians · Argentina
665
-14
wiskas
8:42 Loom
10:36 Feudal Age
21:23 Double-Bit Axe
Michi3052
11:58 Feudal Age
13:25 Double-Bit Axe
17:21 Castle Age
27:27 Wheelbarrow
27:09 Horse Collar
Connection lost

Rejoining the realm…

Still unreachable

The connection could not be restored.

Session expired

The server has moved on; the page needs a fresh start.